 Dungeon Crawl Stone Soup version 0.26-a0-1205-g4083c211ab (webtiles) character file.

Game seed: 14965053282833747735

9 Goblin1989 the Sneak (level 2, 0/24 HPs)
             Began as a Demonspawn Delver on Dec 29, 2020.
             Slain by a hound (6 damage)
             ... on level 5 of the Dungeon.
             The game lasted 00:00:35 (39 turns).

Goblin1989 the Sneak (Demonspawn Delver)              Turns: 39, Time: 00:00:36

Health: 0/24       AC:  3    Str: 12    XL:     2   Next: 3%
Magic:  2/2        EV: 12    Int: 11    God:
Gold:   7          SH:  0    Dex: 14    Spells: 1/1 levels left

rFire    . . .     SeeInvis .   a - +0 hand axe
rCold    . . .     Faith    .   (no shield)
rNeg     . . .     Spirit   .   b - +0 leather armour
rPois    .         Reflect  .   (no helmet)
rElec    .         Harm     .   (no cloak)
rCorr    .         Rampage  .   (no gloves)
Will     .....                  (no boots)
Stlth    ++........             (no amulet)
HPRegen  0.08/turn              (no ring)
MPRegen  0.08/turn              (no ring)

@: lethally poisoned (0 -> -7)
A: claws 1
a: no special abilities


You were on level 5 of the Dungeon.
You visited 1 branch of the dungeon, and saw 1 of its levels.

You collected 7 gold pieces.

Inventory:

Hand Weapons
 a - a +0 hand axe (weapon)
Armour
 b - a +0 leather armour (worn)
Wands
 g - a wand of digging (3) {@v1}
Scrolls
 c - a scroll of fog
 e - a scroll of fear
 M - a scroll of magic mapping
 O - a scroll of teleportation {unknown}
Potions
 f - a potion of haste {@q3,}
 N - a potion of brilliance {unknown}


   Skills:
 + Level 3.1 Fighting
 * Level 2.1 Axes
 + Level 2.0 Dodging
 - Level 4.5 Stealth


You had one spell level left.
You didn't know any spells.
Your spell library was empty.

Dungeon Overview and Level Annotations

Branches:
Dungeon (5/15)
 Temple: D:4-7

Altars:


Innate Abilities, Weirdness & Mutations

You have sharp fingernails.


Message History

You hear the sound of rushing water.
There is an entrance to a sewer on this level.
Hurry and find it before the portal rusts away!
You become an orb of ice!
Welcome, Goblin1989 the Demonspawn Delver.
The bosom of this dungeon contains the awesome artefact, the Orb of Zot.
Press ? for a list of commands and other information.
Found a brown potion.
Found a stone staircase leading down.
N - a brown potion
Found a scroll labelled ICKIKOQUCANG.
Found 7 gold pieces.
Found a short sword.
O - a scroll labelled ICKIKOQUCANG You now have 7 gold pieces.
An adder and a hound come into view.
The hound barks!
The adder hisses angrily.
You hit the adder.
The adder is heavily wounded.
The adder bites you.
You are poisoned.
The adder poisons you! The adder bites you.
You take 5 damage, and have 13/18 hp.
MASSIVE DAMAGE!!
You hit the adder.
The adder is almost dead.
You feel sick. The adder bites you.
You are more poisoned.
The adder poisons you!
You take 2 damage, and have 11/18 hp.
You hit the adder.
You kill the adder!
You feel sick. The hound bites you but does no damage.
Your Axes skill increases to level 2!
Your Dodging skill increases to level 2!
You have reached level 2!
Your demonic ancestry asserts itself...
Your fingernails lengthen.
You regained 2 hp, and now have 13/24 hp.
MP restored: 2 You hit the hound.
The hound is moderately wounded.
You feel sick. The hound bites you. x2
* * * LOW HITPOINT WARNING * * *
You take 7 damage, and have 6/24 hp.
MASSIVE DAMAGE!!
You hit the hound.
The hound is moderately wounded.
The hound bites you.
You die...

.█ █ █...█ █.█.█ ......
..█. ..... ... ███
█....)█ h.█ █████.█
█.██..███ ..█
..█.█.███.██....██..█.█
..█.....█.█.....@h....█
................███.███
................█ █
█.>....███.██.██
███...████.██.██████
█.█....█.........█
█.█.████.█████████
███.█ █.█ █.████.█


You could see a hound.

Vanquished Creatures
  An adder (D:5)
1 creature vanquished.

Notes
Turn   | Place    | Note
-------+----------+-------------------------------------------
     0 | D:5      | Goblin1989 the Demonspawn Delver began the quest for the
                  | Orb.
     0 | D:5      | Reached XP level 1. HP: 18/18 MP: 1/1
    33 | D:5      | Noticed a hound
    38 | D:5      | Gained mutation: You have sharp fingernails. [demonic
                  | ancestry]
    38 | D:5      | Reached XP level 2. HP: 13/24 MP: 2/2
    39 | D:5      | Slain by a hound

Illustrated notes

Levels and vault maps discovered:
D:5:      layout_basic, minmay_temple_entry_antechambers,
          gup_sewer_entry_bubbles, basic_altar

Skill      XL: |  1 |
---------------+----+-----
Axes           | 2 |  2.1
Dodging        | 2 |  2.0
Fighting       | |  3.1
Stealth        | |  4.5

Action                   || total
-------------------------++-------
Melee: Hand axe          ||     5
Armor: Leather armour    ||     1

Table legend: (Time is in decaauts)
 A = Elapsed time spent in this place.
 B = Non-inter-level travel time spent in this place.
 C = Inter-level travel time spent in this place.
 D = Time resting spent in this place.
 E = Time spent auto-exploring this place.
 F = Levels seen in this place.
 G = Mean time per level.
                   A        B        C        D        E       F      G
               +--------+--------+--------+--------+--------+-----+--------+
         Total |     39 |     39 |      0 |      0 |      0 |   1 |   39.0 |
       Dungeon |     39 |     39 |      0 |      0 |      0 |   1 |   39.0 |
               +--------+--------+--------+--------+--------+-----+--------+

Top non-repeatable levels by time:
     D:5: 39 daAuts
